 Dungeon Crawl Stone Soup version 0.30-b1-2-g02819fbbbe (webtiles) character file.

Game seed: 18150011917475440792

225 Fartwhistle the Skirmisher (level 6, 0/50 HPs)
             Began as a Gnoll Hunter on Sept 15, 2023.
             Slain by a wyvern (16 damage)
             ... on level 4 of the Dungeon.
             The game lasted 00:03:58 (2772 turns).

Fartwhistle the Skirmisher (Gnoll Hunter)           Turns: 2772, Time: 00:03:59

Health: 0/50       AC:  3    Str: 11    XL:     6   Next: 1%
Magic:  8/8        EV: 13    Int: 10    God:
Gold:   164        SH:  0    Dex: 15    Spells: 8/8 levels left

rFire   . . .        j - +2 dagger (venom)
rCold   . . .        (no shield)
rNeg    . . .        c - +0 leather armour
rPois   .            (no helmet)
rElec   .            w - scarf {shadows}
rCorr   .            (no gloves)
SInv    .            (no boots)
Will    +....        (no amulet)
Stlth   ++           r - ring of flight
HPRegen 0.28/turn    x - ring of willpower
MPRegen 0.11/turn

%: no passive effects
@: flying
A: fangs 1, strong nose, distributed training
a: no special abilities


You were on level 4 of the Dungeon.
You visited 1 branch of the dungeon, and saw 4 of its levels.

You collected 164 gold pieces.

Inventory:

Hand Weapons
 a - a +0 shortbow
 j - a +2 dagger of venom (weapon)
Missiles
 e - 12 poisoned darts
Armour
 c - a +0 leather armour (worn)
 h - a +0 ring mail
 w - a scarf of shadows (worn)
Jewellery
 r - a ring of flight (left hand)
 x - a ring of willpower (right hand)
 y - an amulet of magic regeneration
Scrolls
 b - 2 scrolls of immolation
 g - a scroll of amnesia {unknown}
 i - a scroll of brand weapon {unknown}
 k - 2 scrolls of vulnerability {unknown}
 m - 2 scrolls of teleportation {unknown}
 q - a scroll of blinking {unknown}
 s - a scroll of acquirement {unknown}
 t - 2 scrolls of identify {unknown}
 v - a scroll of silence {unknown}
 z - a scroll of magic mapping {unknown}
Potions
 d - a potion of curing
 f - a potion of magic {unknown}
 l - a potion of lignification {unknown}
 n - a potion of attraction {unknown}
 o - 2 potions of might {unknown}
 p - 2 potions of heal wounds {unknown}
 u - a potion of degeneration {unknown}


   Skills:
 + Level 4.9 Fighting
 + Level 1.8 Short Blades
 + Level 1.8 Long Blades
 + Level 1.8 Axes
 + Level 1.8 Maces & Flails
 + Level 1.8 Polearms
 + Level 1.8 Staves
 + Level 8.7 Ranged Weapons
 + Level 1.8 Throwing
 + Level 1.8 Armour
 + Level 4.9 Dodging
 + Level 3.0 Stealth
 + Level 1.8 Shields
 + Level 1.8 Unarmed Combat
 + Level 1.8 Spellcasting
 + Level 1.4 Conjurations
 + Level 1.4 Hexes
 + Level 1.4 Summonings
 + Level 1.4 Necromancy
 + Level 1.4 Translocations
 + Level 1.4 Transmutations
 + Level 1.4 Fire Magic
 + Level 1.4 Ice Magic
 + Level 1.4 Air Magic
 + Level 1.4 Earth Magic
 + Level 1.4 Poison Magic
 + Level 2.0 Invocations
 + Level 1.8 Evocations


You had 8 spell levels left.
You didn't know any spells.
Your spell library contained the following spells:

 Spells                   Type           Power      Damage    Failure   Level
 Lesser Beckoning         Tloc           6%         N/A       34%         2
 Gell's Gravitas          Tloc           3%         N/A       56%         3
 Teleport Other           Tloc           3%         N/A       56%         3


Dungeon Overview and Level Annotations

Branches:
Dungeon (4/15)
 Temple: D:4-7

Altars:
Yredelemnul

Annotations:
D:3 4 runed translucent doors, Crazy Yiuf; craig's ghost, amateur GnFi
D:4 1 transporter


Innate Abilities, Weirdness & Mutations

You have very sharp teeth.
Your uncanny sense of smell can sniff out nearby items.
Your experience applies equally to all skills.


Message History

You shoot an arrow. The arrow completely misses the goblin.
The goblin shouts!
You shoot an arrow. The arrow barely misses the goblin.
You shoot an arrow. The arrow hits the goblin!
You kill the goblin!
No target in view!
No target in view!
You see here a +0 club.
You see here a +0 club.
z - a scroll labelled EDGHISTRO NOWE
Okay, then.
Found a robe.
A wyvern comes into view.
Found a stone staircase leading up.
You shoot an arrow. The arrow hits the wyvern.
The wyvern hisses angrily.
The wyvern is lightly wounded.
You shoot an arrow. The arrow barely misses the wyvern.
You shoot an arrow.
The arrow hits the wyvern but does no damage.
The wyvern is lightly wounded.
You shoot an arrow.
The arrow hits the wyvern but does no damage.
The wyvern is lightly wounded.
The wyvern closely misses you.
You shoot an arrow. The arrow hits the wyvern!
The wyvern is heavily wounded.
The wyvern bites you! x2
Your +2 dagger of venom begins to drip with poison!
j - a +2 dagger of venom (weapon)
The wyvern bites you!
* * * LOW HITPOINT WARNING * * *
It was a potion of curing.
You feel better. The wyvern barely misses you.
You hit the wyvern.
The wyvern is poisoned.
The wyvern is heavily wounded.
The wyvern barely misses you.
You hit the wyvern.
The wyvern looks as sick as possible!
The wyvern is severely wounded.
The wyvern bites you!
You die...

#.##.## #.#...# ......#
....#.# .####.# #.#.#.#
......# #.#.#.# #.##.##
#.#.#.# ......# #.#.#.#
##..### ########....^# ......#
#..........#.# #.##.##
#.....@....#.# ..#..#
#......l...#.# .#..##
#..........#.# ...##
#?.........#.# ##.##
#.....[....#.# #...####
#..........#.# ..©....#
#.........<#.# ######.# #.#
8.©.8#.###############.#######


You could see a wyvern (extremely poisoned).

Vanquished Creatures
  An orc priest (D:3)
  An orc wizard (D:3)
  6 adders
  An adder zombie (D:3)
  A worm (D:3)
  3 dart slugs
  7 orcs (D:3)
  8 endoplasms
  6 giant cockroaches
  6 hobgoblins
  19 jackals
  7 kobolds
  2 ball pythons (D:2)
  4 bats
  3 frilled lizards
  7 goblins
  A quokka zombie (D:3)
  8 rats
91 creatures vanquished.

Notes
Turn   | Place    | Note
-------+----------+-------------------------------------------
     0 | D:1      | Fartwhistle the Gnoll Hunter began the quest for the Orb.
     0 | D:1      | Reached XP level 1. HP: 20/20 MP: 1/1
   109 | D:1      | Reached XP level 2. HP: 25/26 MP: 2/2
   385 | D:1      | Reached XP level 3. HP: 31/31 MP: 3/3
   680 | D:2      | Reached skill level 1 in Invocations
   728 | D:2      | Reached skill level 1 in Short Blades
   728 | D:2      | Reached skill level 1 in Long Blades
   728 | D:2      | Reached skill level 1 in Axes
   728 | D:2      | Reached skill level 1 in Maces & Flails
   728 | D:2      | Reached skill level 1 in Polearms
   728 | D:2      | Reached skill level 1 in Staves
   728 | D:2      | Reached skill level 1 in Throwing
   728 | D:2      | Reached skill level 1 in Armour
   728 | D:2      | Reached skill level 1 in Shields
   728 | D:2      | Reached skill level 1 in Unarmed Combat
   728 | D:2      | Reached skill level 1 in Spellcasting
   728 | D:2      | Reached skill level 1 in Evocations
   873 | D:2      | Reached XP level 4. HP: 38/38 MP: 5/5
  1218 | D:3      | Reached skill level 1 in Conjurations
  1218 | D:3      | Reached skill level 1 in Hexes
  1218 | D:3      | Reached skill level 1 in Summonings
  1218 | D:3      | Reached skill level 1 in Necromancy
  1218 | D:3      | Reached skill level 1 in Translocations
  1218 | D:3      | Reached skill level 1 in Transmutations
  1218 | D:3      | Reached skill level 1 in Fire Magic
  1218 | D:3      | Reached skill level 1 in Ice Magic
  1218 | D:3      | Reached skill level 1 in Air Magic
  1218 | D:3      | Reached skill level 1 in Earth Magic
  1218 | D:3      | Reached skill level 1 in Poison Magic
  1709 | D:3      | Found a runed translucent gate.
  1709 | D:3      | Found a runed translucent gate.
  1709 | D:3      | Found a runed translucent gate.
  1709 | D:3      | Noticed craig's ghost (amateur GnFi)
  1712 | D:3      | Found a basalt altar of Yredelemnul.
  1772 | D:3      | Reached XP level 5. HP: 41/43 MP: 7/7
  2502 | D:3      | Found a runed translucent door.
  2503 | D:3      | Noticed Crazy Yiuf
  2572 | D:4      | Found a transporter.
  2711 | D:4      | Reached XP level 6. HP: 50/50 MP: 8/8
  2763 | D:4      | Noticed a wyvern
  2772 | D:4      | Slain by a wyvern

Illustrated notes

Levels and vault maps discovered:
D:1:      lemuel_arrival_funnel, layout_loops_cross, minmay_bisected
D:2:      layout_rooms
D:3:      layout_basic, nicolae_yredelemnul_ghost_church,
          uniq_crazy_yiuf_cottage
D:4:      gammafunk_steamed_eel, layout_basic, grunt_temple_overflow_open,
          fountainhead, minmay_misc_feat_alley, minmay_crystal_room,
          minmay_misc_feat_square, nicolae_shop_sticking_my_neck_out

Skill      XL: |  1  2  3  4  5 |
---------------+----------------+-----
Invocations    | 1 2 |  2.0
Short Blades   | 1 |  1.8
Long Blades    | 1 |  1.8
Axes           | 1 |  1.8
Maces & Flails | 1 |  1.8
Polearms       | 1 |  1.8
Staves         | 1 |  1.8
Throwing       | 1 |  1.8
Armour         | 1 |  1.8
Shields        | 1 |  1.8
Unarmed Combat | 1 |  1.8
Spellcasting   | 1 |  1.8
Evocations     | 1 |  1.8
Conjurations   | 1 |  1.4
Hexes          | 1 |  1.4
Summonings     | 1 |  1.4
Necromancy     | 1 |  1.4
Translocations | 1 |  1.4
Transmutations | 1 |  1.4
Fire Magic     | 1 |  1.4
Ice Magic      | 1 |  1.4
Air Magic      | 1 |  1.4
Earth Magic    | 1 |  1.4
Poison Magic   | 1 |  1.4
Stealth        | 3 |  3.0
Fighting       | |  4.9
Ranged Weapons | |  8.7
Dodging        | |  4.9

Action                     |  1- 3 |  4- 6 || total
---------------------------+-------+-------++-------
  Melee: Dagger            |       |    14 ||    14
         Bite              |       |     2 ||     2
   Fire: Shortbow          |    77 |   173 ||   250
    Use: Potion            |       |     1 ||     1
 Armour: Leather armour    |     7 |    43 ||    50
  Dodge: Dodged            |    16 |   114 ||   130
